 Dungeon Crawl Stone Soup version 0.22-a0-565-gfc6459a (webtiles) character file.

2356 Amnesiac the Thaumaturge (level 9, -2/39 HPs)
             Began as a Spriggan Earth Elementalist on June 28, 2018.
             Was a Priest of Sif Muna.
             Hit by an exploding tomahawk thrown by an orc warrior (16 damage)
             ... on level 6 of the Dungeon.
             The game lasted 00:13:15 (6522 turns).

Amnesiac the Thaumaturge (SpEE)                     Turns: 6522, Time: 00:13:16

Health: -2/39      AC:  4    Str:  7    XL:     9   Next: 20%
Magic:  3/23       EV: 18    Int: 20    God:    Sif Muna [***...]
Gold:   320        SH:  0    Dex: 16    Spells: 11/26 levels left

rFire    . . .     SeeInvis +   a - +1 dagger (elec)
rCold    . . .     Gourm    .   (shield restricted)
rNeg     . . .     Faith    +   c - +0 robe
rPois    .         Spirit   .   (helmet restricted)
rElec    .         Reflect  .   f - +1 cloak
rCorr    .         Harm     .   (gloves unavailable)
MR       +....                  (boots unavailable)
Stlth    ++........             j - amulet of faith
HPRegen  0.13/turn              x - ring of flight
MPRegen  0.18/turn              s - +3 ring of strength

@: divine energy, very quick
A: very small, unfitting armour, see invisible, herbivore, speed 3, slow
metabolism 2
a: Stop Divine Energy, Channel Magic, Renounce Religion, Evoke Flight


You were on level 6 of the Dungeon.
You worshipped Sif Muna.
Sif Muna was most pleased with you.
You were not hungry.

You visited 2 branches of the dungeon, and saw 7 of its levels.

You collected 320 gold pieces.

Inventory:

Hand Weapons
 a - a +1 dagger of electrocution (weapon)
 b - a +1 dagger of protection
Missiles
 u - 93 stones (quivered)
Armour
 c - a +0 robe (worn)
 f - a +1 cloak (worn)
Jewellery
 j - an amulet of faith (around neck)
 o - an uncursed ring of fire
 s - a +3 ring of strength (right hand)
 x - a ring of flight (left hand)
 y - an uncursed amulet of regeneration {unknown}
Wands
 h - a wand of polymorph (13)
 w - a wand of iceblast (12)
Scrolls
 k - 4 scrolls of teleportation {!r, unknown}
 m - 2 scrolls of amnesia {!r, unknown}
 p - a scroll of enchant weapon {!r, unknown}
 q - a scroll of remove curse {!r}
 r - 2 scrolls of magic mapping {!r, unknown}
 t - 5 scrolls of identify {!r}
 z - 2 scrolls of random uselessness {!r, unknown}
Potions
 e - 2 potions of might {!q, unknown}
 g - 2 potions of flight {!q, unknown}
 i - 2 potions of heal wounds {!q}
 l - 3 potions of curing {!q, unknown}
 n - a potion of agility {!q, unknown}
 v - 2 potions of invisibility {!q}
Comestibles
 d - 8 rations


   Skills:
 - Level 3.0 Dodging
 - Level 3.0 Stealth
 + Level 9.4 Spellcasting
 - Level 1.3 Transmutations
 * Level 9.4 Earth Magic


You had 11 spell levels left.
You knew the following spells:

 Your Spells              Type           Power        Failure   Level  Hunger
a - Stone Arrow           Conj/Erth      ####..       3%          3    None
b - Passwall              Tmut/Erth      ####....     1%          2    None
c - Sandblast             Erth           #####.       1%          1    None
d - Lee's Rapid Deconstr  Erth           #####.....   4%          5    #####..
e - Petrify               Tmut/Erth      ####....     8%          4    ###....

Your spell library contained the following spells:

 Spells                   Type           Power        Failure   Level  Hunger
 Throw Frost              Conj/Ice       #.....       11%         2    None
 Freeze                   Ice            #...         8%          1    None
 Summon Ice Beast         Ice/Summ       #.......     58%         4    ###....
 Ozocubu's Armour         Chrm/Ice       #.......     22%         3    None
 Throw Icicle             Conj/Ice       #.......     58%         4    ###....


Dungeon Overview and Level Annotations

Branches:
Dungeon (6/15)             Temple (1/1) D:4

Altars:
Ashenzari
Cheibriados
Dithmenos
Elyvilon
Fedhas
Gozag
Hepliaklqana
Kikubaaqudgha
Makhleb
Nemelex Xobeh
Okawaru
Qazlal
Ru
Sif Muna
Trog
Uskayaw
Vehumet
Wu Jian
Xom
Yredelemnul
Zin
The Shining One
Beogh


Innate Abilities, Weirdness & Mutations

You are very small and have problems with some larger weapons.
You are too small for most types of armour.
You have supernaturally acute eyesight. (SInv)
You are a herbivore.
You cover ground extremely quickly.
You need to consume almost no food.


Message History

An orc is nearby!
An orc is nearby!
An orc and an orc warrior come into view.
Found a stone staircase leading down.
The orc shouts!
Casting: Stone Arrow (safe; 3% risk of failure)
Confirm with . or Enter, or press ? or * to list all spells.
Aiming: Stone Arrow (safe; 3% risk of failure)
Press: ? - help, Shift-Dir - straight line, f - orc
Aim: an orc (hasn't noticed you)
The stone arrow misses the orc.
The orc warrior shouts!
Casting: Stone Arrow (safe; 3% risk of failure)
Confirm with . or Enter, or press ? or * to list all spells.
Aiming: Stone Arrow (safe; 3% risk of failure)
Press: ? - help, Shift-Dir - straight line, f/p - orc
Aim: an orc The stone arrow misses the orc.
The stone arrow hits the orc.
You kill the orc!
Sif Muna accepts your kill. Sif Muna grants you divine energy.
You briefly lose access to your magic!
You are unable to access your magic!
You are unable to access your magic!
You are unable to access your magic!
You are unable to access your magic!
You regain access to your magic.
Casting: Stone Arrow (safe; 3% risk of failure)
Confirm with . or Enter, or press ? or * to list all spells.
Aiming: Stone Arrow (safe; 3% risk of failure)
Press: ? - help, Shift-Dir - straight line, f/p - orc
Aim: an orc The stone arrow hits the orc.
You kill the orc!
Sif Muna accepts your kill. Sif Muna grants you divine energy.
You briefly lose access to your magic!
The orc warrior throws an exploding tomahawk.
The exploding tomahawk completely misses you.
The exploding tomahawk explodes!
You hear a bark!
You hear a shout!
You hear a bark!
You are unable to access your magic!
You are unable to access your magic!
The orc warrior throws an exploding tomahawk.
The exploding tomahawk closely misses you.
The exploding tomahawk explodes!
The explosion of tomahawk fragments engulfs you!
You hear a bark!
You hear a shout!
You hear a bark!
You see here a chain mail.
You regain access to your magic.
You start resting.
The orc warrior is too close now for your liking.
The orc warrior throws an exploding tomahawk.
The exploding tomahawk closely misses you.
The exploding tomahawk explodes!
The explosion of tomahawk fragments engulfs you!
You hear a bark! x3
The orc warrior throws an exploding tomahawk.
The exploding tomahawk hits you!
* * * LOW HITPOINT WARNING * * *
The exploding tomahawk explodes!
The explosion of tomahawk fragments engulfs you!
You hear a bark!
The orc warrior throws an exploding tomahawk.
The exploding tomahawk hits you!
You die...

######### #.†......
#.####### #.#.....#
##################
#>#.#...#
.o.......o.......##
#.#..<[.#
################@.#
#.#####(#
######....#######.......#
.....................)...
######.#......)..........
#.###..#######.####.
#.####.#######.# #.
#......(.....#†# #.
#######.####.#.# #. #)##
.#.# #.


You could see an orc warrior.

Vanquished Creatures
  The ghost of Hebeh the Chopper, an amateur MiFi (D:3)
  Sigmund (D:3)
  A water moccasin (D:5)
  2 sky beasts
  A black bear (D:5)
  A phantom (D:6)
  2 ogres
  3 centaurs (D:6)
  Blork the orc (D:4)
  A bullfrog (D:6)
  2 scorpions (D:6)
  A water moccasin skeleton (D:4)
  2 howler monkeys
  A centaur zombie (D:5)
  2 orc priests
  A centaur skeleton (D:4)
  A hound (Temple)
  2 jellies (D:6)
  4 orc wizards
  A bullfrog skeleton (D:6)
  An iguana (D:5)
  5 worker ants
  A killer bee zombie (D:5)
  2 hound skeletons (D:5)
  6 adders
  4 gnolls (D:5)
  A shadow imp (D:6)
  An ooze (D:1)
  2 worms
  A dart slug (D:1)
  2 leopard geckos
  29 orcs
  4 giant cockroaches
  4 goblins (D:1)
  11 hobgoblins
  6 jackals
  9 kobolds
  4 quokkas
  2 ball pythons
  4 bats (D:3)
  10 frilled lizards
  A leopard gecko skeleton (D:5)
  2 rats
143 creatures vanquished.

Notes
Turn   | Place    | Note
-------+----------+-------------------------------------------
     0 | D:1      | Amnesiac the Spriggan Earth Elementalist began the quest for the Orb.
     0 | D:1      | Reached XP level 1. HP: 9/9 MP: 5/5
   153 | D:1      | Reached XP level 2. HP: 10/13 MP: 2/7
   394 | D:2      | Found a stormy altar of Qazlal.
   395 | D:2      | Found a shimmering altar of Xom.
   596 | D:2      | Learned a level 2 spell: Passwall
   645 | D:3      | Noticed a scorpion
   762 | D:3      | Noticed an ogre
   835 | D:3      | Killed an ogre
   835 | D:3      | Reached XP level 3. HP: 14/16 MP: 0/9
   835 | D:3      | Reached XP level 4. HP: 19/21 MP: 0/11
   865 | D:3      | Learned a level 3 spell: Stone Arrow
   959 | D:4      | Noticed an ogre
   964 | D:4      | Reached XP level 5. HP: 10/24 MP: 1/12
   982 | D:2      | HP: 1/24 [poisoned by an adder]
  1267 | D:3      | Reached skill level 5 in Earth Magic
  1348 | D:4      | Noticed Blork the orc
  1356 | D:4      | Killed an ogre
  1356 | D:4      | Reached skill level 5 in Spellcasting
  1356 | D:4      | Reached XP level 6. HP: 28/28 MP: 4/14
  1559 | D:4      | Killed Blork the orc
  1806 | D:4      | Learned a level 5 spell: Lee's Rapid Deconstruction
  1811 | D:4      | Learned a level 4 spell: Petrify
  1893 | D:5      | Entered Level 5 of the Dungeon
  2144 | D:3      | Noticed Sigmund
  2178 | D:3      | Killed Sigmund
  2178 | D:3      | Reached XP level 7. HP: 30/32 MP: 0/16
  2731 | D:4      | Found a staircase to the Ecumenical Temple.
  2740 | Temple   | Entered the Ecumenical Temple
  2867 | Temple   | Became a worshipper of Sif Muna the Loreminder
  4084 | D:3      | Found a runed gate.
  4085 | D:3      | Found a runed gate.
  4086 | D:3      | Found a runed gate.
  4088 | D:3      | Noticed Hebeh's ghost (amateur MiFi)
  4093 | D:3      | Found a roughly hewn altar of Beogh.
  4213 | D:3      | Killed Hebeh's ghost
  4213 | D:3      | Reached * piety under Sif Muna
  4213 | D:3      | Reached XP level 8. HP: 36/36 MP: 1/19
  5241 | D:5      | Reached ** piety under Sif Muna
  6060 | D:6      | Reached XP level 9. HP: 21/39 MP: 0/23
  6177 | D:6      | Reached *** piety under Sif Muna
  6522 | D:6      | Hit by an exploding tomahawk thrown by an orc warrior

Vault maps used:
D:1:      wheals_arrival_linesprint
D:2:      gammafunk_temple_overflow_statue
D:3:      biasface_ghost_orc_armoury, st_stairs_14, uniq_sigmund
D:4:      minmay_temple_entry_from_below_a, first_ration, uniq_blork_the_orc
D:5:      black_bear_nest_1
D:6:      uniq_grinder
Temple:   regret_index_temple_chain_breaker

Skill      XL: |  1  2  3  4  5  6  7  8 |
---------------+-------------------------+-----
Earth Magic    | 3 4 5 6 7 9 |  9.4
Spellcasting   | 3 4 5 7 9 |  9.4
Dodging        | |  3.0
Stealth        | |  3.0
Transmutations | |  1.3

Action                   |  1- 3 |  4- 6 |  7- 9 || total
-------------------------+-------+-------+-------++-------
Melee: Dagger            |    17 |     6 |    62 ||    85
       Unarmed           |     1 |       |       ||     1
 Cast: Sandblast         |    31 |    10 |    30 ||    71
       Passwall          |     1 |       |       ||     1
       Stone Arrow       |       |    32 |   148 ||   180
Invok: Divine Energy     |       |       |     1 ||     1
  Use: Scroll            |     3 |       |       ||     3
       Potion            |     1 |       |       ||     1
 Stab: Sleeping          |     3 |       |     4 ||     7
  Eat: Ration            |       |     2 |     3 ||     5
Armor: Robe              |     1 |     3 |    15 ||    19
Dodge: Dodged            |     9 |    20 |   106 ||   135

Table legend:
 A = Spawn XP
 B = Non-spawn XP
 C = Spawn XP percentage of total XP
 D = Spawn monster count
 E = Non-spawn monster count
 F = Spawn count percentage of total count
 G = Total turns spent on level
                    A         B        C        D         E        F      G
               +---------+---------+-------+---------+---------+-------+---------
         Total |       0 |    3366 |   0.0 |       0 |     143 |   0.0 |  6522
               +---------+---------+-------+---------+---------+-------+---------
           D:1 |       0 |      46 |   0.0 |       0 |      22 |   0.0 |   897
           D:2 |       0 |      33 |   0.0 |       0 |      12 |   0.0 |   887
           D:3 |       0 |     884 |   0.0 |       0 |      39 |   0.0 |  1671
           D:4 |       0 |     555 |   0.0 |       0 |      20 |   0.0 |   944
           D:5 |       0 |     795 |   0.0 |       0 |      29 |   0.0 |  1383
           D:6 |       0 |    1010 |   0.0 |       0 |      20 |   0.0 |   585
        Temple |       0 |      43 |   0.0 |       0 |       1 |   0.0 |   155
               +---------+---------+-------+---------+---------+-------+---------
